 Dungeon Crawl Stone Soup version 0.24.0-123-gd5b16e6ec5 (webtiles) character file.

Game seed: 12855239672844896932, levelgen mode: deterministic

217887 FishyPogo the Peltast (level 18, -4/149 HPs)
             Began as a Demonspawn Gladiator on Feb 2, 2020.
             Was the Champion of Okawaru.
             Hit by a silver javelin thrown by a merfolk javelineer (13 damage)
             ... on level 4 of the Shoals on Feb 3, 2020.
             The game lasted 02:20:28 (30380 turns).

FishyPogo the Peltast (Demonspawn Gladiator)       Turns: 30380, Time: 02:20:28

Health: -4/149     AC: 32    Str: 27    XL:     18   Next: 40%
Magic:  24/24      EV: 21    Int:  6    God:    Okawaru [******]
Gold:   1585       SH: 23    Dex: 23    Spells: 17/17 levels left

rFire    + + +     SeeInvis .   b - +8 demon trident "Mubluna" {freeze, rF+}
rCold    + + +     Gourm    .   w - +2 shield {AC+3}
rNeg     . . .     Faith    .   R - +6 plate armour {rC+}
rPois    .         Spirit   .   H - +1 helmet
rElec    .         Reflect  +   p - scarf {rC+ rF+}
rCorr    .         Harm     .   (gloves unavailable)
MR       +....                  u - +0 pair of boots {run}
Stlth    ..........             s - +5 amulet of reflection
HPRegen  3.34/turn              B - +6 ring of evasion
MPRegen  0.19/turn              N - ring "Ucami" {+Fly rC+ Int-5 Dex+4}

@: mighty, agile, lethally poisoned (-4 -> -4), about to teleport, finesse,
flying (expiring), mesmerised, very slightly contaminated, hasted, invisible,
very quick
A: claws 3, talons 1, yellow scales 2, fire resistance 1, powered by death 2,
powered by pain 2, flame cloud immunity
}: 1/15 runes: gossamer
a: Heroism, Finesse, Renounce Religion, Stop Flying


You were on level 4 of the Shoals.
You worshipped Okawaru.
Okawaru was exalted by your worship.
You were not hungry.

You visited 7 branches of the dungeon, and saw 33 of its levels.
You visited the Abyss 1 time.

You collected 3487 gold pieces.
You spent 1902 gold pieces at shops.

Inventory:

Hand Weapons
 a - the +8 spear "Luusen" {venom, rElec rC++ Str-3}
   (You found it on level 5 of the Dungeon)

   It poisons the flesh of those it strikes.
   It affects your strength (-3).
   It greatly protects you from cold.
   It insulates you from electricity.
 b - the +8 demon trident "Mubluna" (weapon) {freeze, rF+}
   (Okawaru gifted it to you on level 6 of the Lair of Beasts)

   It has been specially enchanted to freeze those struck by it, causing extra
   injury to most foes and up to half again as much damage against particularly
   susceptible opponents.
   It can also slow down cold-blooded creatures.
   It protects you from fire.
 y - a +5 antimagic demon trident
Missiles
 d - 10 throwing nets
 e - 99 poisoned darts
 C - 92 boomerangs (quivered)
 E - 5 silver javelins
 Y - 24 javelins
Armour
 m - a +1 pair of gloves of dexterity
 p - a scarf of resistance (worn)
 u - a +0 pair of boots of running (worn)
 w - a +2 shield of protection (worn)
 H - a +1 helmet (worn)
 R - a +6 plate armour of cold resistance (worn)
 X - the +1 leather armour "Aneral" {rN++ rCorr Str-3 Int+3}
   (You found it on level 12 of the Dungeon)

   It affects your strength (-3).
   It affects your intelligence (+3).
   It greatly protects you from negative energy.
   It provides partial protection from all sources of acid and corrosion.
Jewellery
 s - a +5 amulet of reflection (around neck)
 B - a +6 ring of evasion (left claw)
 I - an uncursed ring of poison resistance
 N - the ring "Ucami" (right claw) {+Fly rC+ Int-5 Dex+4}
   (You bought it in a shop on level 10 of the Dungeon)

   [ring of protection from cold]

   It affects your intelligence (-5).
   It affects your dexterity (+4).
   It protects you from cold.
   It lets you fly.
Wands
 D - a wand of flame (16)
 F - a wand of iceblast (22)
 S - a wand of acid (12)
 T - a wand of clouds (4)
 V - a wand of digging (5)
Scrolls
 j - 9 scrolls of teleportation
 l - 7 scrolls of fear
 o - 17 scrolls of remove curse
 t - 8 scrolls of blinking
 z - 10 scrolls of identify
 A - 6 scrolls of enchant weapon
 J - 4 scrolls of immolation
 K - 9 scrolls of magic mapping
 Q - a scroll of summoning
 W - a scroll of silence
 Z - 4 scrolls of torment
Potions
 c - 6 potions of lignification
 g - 5 potions of might
 i - a potion of magic
 k - a potion of ambrosia
 n - 5 potions of agility
 q - 8 potions of curing
 v - 7 potions of flight
 x - 3 potions of brilliance
 G - 4 potions of resistance
 L - 2 potions of invisibility
 M - a potion of mutation
 O - a potion of degeneration
 P - 2 potions of cancellation
 U - 3 potions of haste
Comestibles
 f - 55 rations
 r - 11 chunks of flesh


   Skills:
 + Level 15.4 Fighting
   Level 3.3 Short Blades
 + Level 15.4 Polearms
 - Level 2.0 Throwing
 + Level 14.1 Armour
 - Level 3.0 Dodging
 + Level 16.1 Shields
 - Level 9.0 Invocations


You had 17 spell levels left.
You didn't know any spells.
Your spell library contained the following spells:

 Spells                   Type           Power        Failure   Level  Hunger
 Animate Skeleton         Necr           N/A          98%         1    ##.....
 Apportation              Tloc           #.....       98%         1    ##.....
 Beastly Appendage        Tmut           #.....       98%         1    ##.....
 Confusing Touch          Hex            #.....       98%         1    ##.....
 Corona                   Hex            #......      98%         1    ##.....
 Freeze                   Ice            #...         98%         1    ##.....
 Infusion                 Chrm           #...         98%         1    ##.....
 Pain                     Necr           #...         98%         1    ##.....
 Sandblast                Erth           #.....       98%         1    ##.....
 Shock                    Conj/Air       #...         98%         1    ##.....
 Summon Small Mammal      Summ           #...         98%         1    ##.....
 Call Imp                 Summ           #.......     99%         2    ###....
 Ensorcelled Hibernation  Hex/Ice        #.....       99%         2    ###....
 Passwall                 Tmut/Erth      #.......     99%         2    ###....
 Shroud of Golubria       Chrm/Tloc      #.....       99%         2    ###....
 Slow                     Hex            #.......     99%         2    ###....
 Song of Slaying          Chrm           #.......     99%         2    ###....
 Sticks to Snakes         Tmut           #.......     99%         2    ###....
 Swiftness                Chrm/Air       #.......     99%         2    ###....
 Throw Frost              Conj/Ice       #.....       99%         2    ###....
 Call Canine Familiar     Summ           #.......     100%        3    ####...
 Confuse                  Hex            #.......     100%        3    ####...
 Dazzling Spray           Conj/Hex       #.....       100%        3    ####...
 Gell's Gravitas          Tloc           #.........   100%        3    ####...
 Ozocubu's Armour         Chrm/Ice       #.......     100%        3    ####...
 Recall                   Summ/Tloc      N/A          100%        3    ####...
 Regeneration             Chrm/Necr      #.........   100%        3    ####...
 Spectral Weapon          Hex/Chrm       #.......     100%        3    ####...
 Spider Form              Tmut/Pois      #.........   100%        3    ####...
 Static Discharge         Conj/Air       #.......     100%        3    ####...
 Stone Arrow              Conj/Erth      #.....       100%        3    ####...
 Summon Guardian Golem    Hex/Summ       #.......     100%        3    ####...
 Tukima's Dance           Hex            #.......     100%        3    ####...
 Vampiric Draining        Necr           #.........   100%        3    ####...
 Airstrike                Air            #.........   100%        4    #####..
 Animate Dead             Necr           N/A          100%        4    #####..
 Ice Form                 Ice/Tmut       #.......     100%        4    #####..
 Petrify                  Tmut/Erth      #.......     100%        4    #####..
 Summon Ice Beast         Ice/Summ       #.......     100%        4    #####..
 Summon Lightning Spire   Summ/Air       #.......     100%        4    #####..
 Throw Icicle             Conj/Ice       #.......     100%        4    #####..
 Blade Hands              Tmut           #.........   100%        5    ######.
 Borgnjor's Vile Clutch   Necr/Erth      #.........   100%        5    ######.
 Lee's Rapid Deconstruct  Erth           #.........   100%        5    ######.
 Lightning Bolt           Conj/Air       #.........   100%        5    ######.
 Metabolic Englaciation   Hex/Ice        #.........   100%        5    ######.
 Yara's Violent Unravell  Hex/Tmut       #.........   100%        5    ######.
 Death Channel            Necr           #.........   100%        6    #######
 Simulacrum               Ice/Necr       #.........   100%        6    #######


Dungeon Overview and Level Annotations

Branches:
Dungeon (15/15)            Temple (1/1) D:7            Lair (6/6) D:11
 Shoals (4/4) Lair:4       Spider (4/4) Lair:4        Slime (0/5) Lair:5
    Orc (2/2) D:11            Elf (0/3) Orc:2        Vaults (0/5) D:13
 Depths (1/5) D:15

Altars:
Ashenzari
Cheibriados
Dithmenos
Elyvilon
Fedhas
Gozag
Hepliaklqana
Kikubaaqudgha
Makhleb
Nemelex Xobeh
Okawaru
Qazlal
Ru
Sif Muna
Trog
Uskayaw
Vehumet
Wu Jian
Xom
Yredelemnul
Zin
The Shining One
Beogh
Jiyva

Shops:
D:4 ?   D:5 (   D:6 (   D:9 [   D:10 *   D:11 [   Orc:2 %[(*   Shoals:3 :

Portals:
Hell: Lair:6

Annotations:
D:13 3 runed translucent doors, Fucymiv's ghost, journeyman MfBe
Lair:1 3 runed translucent doors, Asedux's ghost, journeyman DrCj; Noduidd's ghost, novice MiMo
Shoals:4 Ilsuiw


Innate Abilities, Weirdness & Mutations

You have claws for hands.
You are mostly covered in yellow scales. (AC +3)
Your flesh is heat resistant. (rF+)
You regenerate health from kills.
You sometimes gain power by taking damage.
You are immune to clouds of flame.
You have sharp toenails.


Message History

You impale the water elemental!! You freeze the water elemental.
You destroy the water elemental!
You feel sick.
The merfolk impaler shouts!
The dream sheep bleats!
Unknown command.
Unknown command.
Unknown command.
Unknown command.
You closely miss the merfolk avatar.
The merfolk impaler shouts!
The dream sheep bleats!
A wind drake comes into view.
The merfolk throws a boomerang.
The boomerang hits the merfolk!!
The merfolk dies!
You hear a splash. x2
The weapon returns to the merfolk!
The merfolk javelineer throws a silver javelin.
The silver javelin pierces through you!!
* * * LOW HITPOINT WARNING * * *
The silver sears you!
You die...

≈≈≈≈≈≈≈≈≈≈≈≈≈≈≈≈≈≈≈≈≈≈##
≈≈≈≈≈≈≈≈≈≈≈≈≈≈≈≈≈≈≈≈≈≈≈≈#
≈≈≈≈≈≈≈≈≈≈≈≈≈≈≈≈≈≈≈≈≈≈≈≈≈
#≈≈≈≈≈≈≈≈≈≈≈≈≈≈≈≈≈≈≈≈≈≈≈≈#
#≈≈≈≈≈≈.≈≈≈m≈≈m≈≈≈....≈≈#
#≈≈≈≈≈≈≈≈≈m≈mmmmm.##....#
#≈≈≈≈≈≈≈≈≈m≈){tm?###....#
#≈≈≈≈≈...(.†.)mm..##m...#
#≈≈≈≈≈.##<)(.@m≈........##
#≈≈≈≈≈≈....##H...........##+##
#≈≈≈≈≈≈<..####......[.........
#≈≈≈≈≈≈..## #(.....Y.........
#≈≈≈≈≈≈..# ######.k.........
#≈≈≈≈≈≈..# ##...##..........
#≈≈≈≈≈..### #.[...#..).......
#≈≈≈≈≈.##.####....)).........≈
#≈≈≈≈≈≈......#.....#≈.......≈≈


You could see a merfolk avatar, 4 merfolk impalers, 2 merfolk javelineers, a
snapping turtle, a wind drake (wandering), 6 merfolk, a manticore, a merfolk
siren and a dream sheep (wandering).

Vanquished Creatures
  Arachne (Spider:2)
  Jorgrun (Orc:2)
  Rupert (D:13)
  A kraken (Shoals:2)
  Agnes (D:14)
  Donald (Spider:4)
  3 ghost moths (Spider:4)
  7 emperor scorpions
  A stone giant (Depths:1)
  Azrael (D:15)
  3 merfolk impalers
  A merfolk javelineer (Shoals:3)
  2 ettins (Depths:1)
  Snorg (Lair:5)
  A fire dragon (Shoals:3)
  The ghost of Jonkynuc the Cleaver, a journeyman MiFi (D:12)
  A yaktaur captain (D:15)
  2 great orbs of eyes (Depths:1)
  Josephine (Spider:1)
  12 hydras
  3 vault guards (D:13)
  An ice dragon (Shoals:3)
  A catoblepas (D:13)
  2 merfolk avatars
  2 alligator snapping turtles
  A centaur warrior (D:15)
  A tengu warrior (D:13)
  2 merfolk aquamancers
  7 two-headed ogres
  6 death yaks
  2 vampire magi
  A deep troll shaman (Depths:1)
  2 satyrs (Shoals:4)
  A spriggan berserker (Depths:1)
  A thrashing horror (Abyss:2)
  A deep troll earth mage (Depths:1)
  7 orc high priests (Orc:2)
  Urug (Lair:5)
  A fire crab (Lair:6)
  A sixfirhy (Lair:6)
  3 skeletal warriors
  4 unseen horrors
  11 sea snakes
  4 wizards
  3 necromancers (D:13)
  A deep elf mage (D:15)
  19 orb spiders
  An orange crystal statue (Depths:1)
  8 harpies
  37 wolf spiders
  6 orc knights
  3 cyclopes
  10 fauns
  10 manticores
  2 moths of wrath
  4 orc sorcerers (Orc:2)
  10 ugly things
  8 elephants
  6 merfolk sirens
  4 black mambas
  5 water nymphs
  Joseph (D:7)
  10 spiny frogs
  An orange demon (Lair:6)
  A gargoyle (D:13)
  4 smoke demons
  2 torpor snails
  2 rime drakes (Lair:6)
  8 komodo dragons
  A freezing wraith (D:14)
  A kobold demonologist (D:15)
  5 centaur skeletons
  11 demonic crawlers
  2 yaktaurs
  2 ice devils (Lair:6)
  A queen bee (D:10)
  8 trolls
  42 jumping spiders
  2 red devils (Lair:6)
  5 wind drakes
  26 merfolk
  3 meliai (Spider:2)
  6 polar bears
  11 hornets
  6 blink frogs
  Prince Ribbit (Lair:2)
  5 snapping turtles
  8 slime creatures
  6 dream sheep (Lair:6)
  10 hippogriffs
  36 tarantellas
  46 redbacks
  2 shadows
  2 large abominations (Abyss:2)
  4 wyverns
  28 yaks
  A vampire (D:14)
  14 water elementals
  17 humans
  5 wraiths
  2 hogs (Lair:3)
  3 basilisks
  2 fire elementals (D:15)
  3 hungry ghosts
  A ynoxinul (Abyss:2)
  2 wargs (Orc:2)
  An acid dragon (D:12)
  2 vampire mosquitoes (D:13)
  7 hell hounds
  16 water moccasins
  5 porcupines
  5 ice beasts
  A black bear (D:10)
  5 sky beasts
  3 eyes of draining
  53 orc warriors
  A necrophage (D:11)
  2 phantoms
  15 wolves
  11 centaurs
  17 ogres
  11 crocodiles
  3 big kobolds
  26 bullfrogs
  4 scorpions
  13 killer bees (D:10)
  3 wights (D:9)
  9 electric eels
  4 howler monkeys
  7 crimson imps
  A bullfrog zombie (D:12)
  2 small abominations (Abyss:2)
  5 jellies
  3 quasits
  A centaur zombie (D:12)
  5 bullfrog skeletons
  13 hounds
  44 orc priests
  27 orc wizards
  3 gnoll shamans (D:7)
  4 iguanas
  2 hell rats (Lair:3)
  10 worker ants
  A howler monkey skeleton (D:11)
  13 gnolls (D:7)
  12 adders
  11 river rats (Lair:3)
  4 shadow imps
  2 oozes
  An adder skeleton (D:4)
  2 worms
  4 dart slugs
  8 leopard geckos
  107 orcs
  5 giant cockroaches
  7 goblins
  7 hobgoblins
  3 jackals (D:7)
  4 quokkas
  2 ball pythons
  7 bats
  A frilled lizard (D:2)
  A jackal skeleton (D:4)
  8 kobolds
  A leopard gecko skeleton (D:4)
  A quokka skeleton (D:8)
  8 rats
  A bush (Shoals:3)
  2 plants
1172 creatures vanquished.

Vanquished Creatures (collateral kills)
  A wolf spider (Spider:1)
1 creature vanquished.

Vanquished Creatures (others)
  Kirke (Lair:3)
  Nessos (D:15)
  2 satyrs
  3 cyclopes
  3 fauns
  2 merfolk sirens (Shoals:4)
  4 merfolk
  2 jumping spiders
  A dream sheep (Shoals:4)
  A water elemental (Shoals:4)
  A centaur (Lair:4)
  An orc wizard (Orc:2)
  An orc priest (Orc:2)
  An orc (Orc:2)
  12 fungi
  16 plants
  14 tentacles (Shoals:2)
  A withered plant (Lair:1)
67 creatures vanquished.

Grand Total: 1240 creatures vanquished

Notes
Turn   | Place    | Note
-------+----------+-------------------------------------------
     0 | D:1      | FishyPogo the Demonspawn Gladiator began the quest for the
                  | Orb.
     0 | D:1      | Reached XP level 1. HP: 16/16 MP: 1/1
    60 | D:1      | Gained mutation: You have sharp fingernails. [demonic
                  | ancestry]
    60 | D:1      | Reached XP level 2. HP: 2/22 MP: 2/2
   707 | D:2      | Noticed a centaur
   715 | D:2      | Killed a centaur
   715 | D:2      | Reached skill level 1 in Armour
   715 | D:2      | Gained mutation: You regenerate a little health from kills.
                  | [demonic ancestry]
   715 | D:2      | Reached XP level 3. HP: 22/29 MP: 3/3
   715 | D:2      | Gained mutation: You sometimes gain a little power by
                  | taking damage. [demonic ancestry]
   715 | D:2      | Reached XP level 4. HP: 26/35 MP: 4/4
  1652 | D:3      | Gained mutation: You are partially covered in yellow
                  | scales. (AC +2) [demonic ancestry]
  1652 | D:3      | Reached XP level 5. HP: 32/41 MP: 5/5
  1806 | D:3      | Identified a +0 pair of boots of running (You found it on
                  | level 3 of the Dungeon)
  2293 | D:4      | Found Caenacw's Magic Scroll Boutique.
  2297 | D:4      | Noticed an ogre
  2305 | D:4      | Killed an ogre
  2305 | D:4      | Reached skill level 1 in Polearms
  2368 | D:4      | Reached XP level 6. HP: 44/48 MP: 6/6
  2398 | D:4      | HP: 1/48 [iguana (12)]
  3031 | D:4      | Reached XP level 7. HP: 12/55 MP: 7/7
  3420 | D:5      | Entered Level 5 of the Dungeon
  3492 | D:5      | Got a scorched spear
  3493 | D:5      | Identified the +8 spear "Luusen" {venom, rElec rC++ Str-3}
                  | (You found it on level 5 of the Dungeon)
  3616 | D:5      | Reached skill level 5 in Fighting
  3685 | D:5      | Found Geikeadd's Antique Weapon Emporium.
  4026 | D:6      | Reached XP level 8. HP: 64/64 MP: 8/8
  4112 | D:6      | Noticed a troll
  4393 | D:6      | Killed a troll
  4393 | D:6      | Reached skill level 5 in Armour
  4573 | D:6      | Reached skill level 5 in Polearms
  4641 | D:6      | Found Jaca's Antique Weapon Emporium.
  4654 | D:6      | Bought a twisted hunting sling for 195 gold pieces
  4654 | D:6      | Identified the cursed +0 hunting sling of Woecy {venom,
                  | MP+9} (You bought it in a shop on level 6 of the Dungeon)
  4988 | D:7      | Noticed Joseph
  5015 | D:7      | Killed Joseph
  5015 | D:7      | Gained mutation: You regenerate health from kills. [demonic
                  | ancestry]
  5015 | D:7      | Reached XP level 9. HP: 44/72 MP: 9/9
  5417 | D:7      | Found a shimmering blue altar of Sif Muna.
  5418 | D:7      | Found a white marble altar of Elyvilon.
  5512 | D:7      | Found a staircase to the Ecumenical Temple.
  5521 | Temple   | Entered the Ecumenical Temple
  6335 | D:8      | Gained mutation: You are mostly covered in yellow scales.
                  | (AC +3) [demonic ancestry]
  6335 | D:8      | Reached XP level 10. HP: 73/80 MP: 10/10
  7177 | D:9      | Noticed a two-headed ogre
  7362 | D:9      | Found an iron altar of Okawaru.
  7362 | D:9      | Found a hazy altar of Hepliaklqana.
  7367 | D:9      | Became a worshipper of Warmaster Okawaru
  7379 | D:9      | Found Busafrao's Antique Armour Shoppe.
  7394 | D:9      | Noticed a two-headed ogre
  7406 | D:9      | Killed a two-headed ogre
  7466 | D:9      | Reached * piety under Okawaru
  7515 | D:9      | Killed a two-headed ogre
  7867 | D:10     | Entered Level 10 of the Dungeon
  8142 | D:10     | Found Jeixtots's Assorted Antiques.
  8168 | D:10     | Bought a brightly glowing granite ring for 90 gold pieces
  8169 | D:10     | Identified the ring "Ucami" {+Fly rC+ Int-5 Dex+4} (You
                  | bought it in a shop on level 10 of the Dungeon)
  8226 | D:10     | Reached ** piety under Okawaru
  8234 | D:10     | Gained mutation: You have very sharp fingernails. [demonic
                  | ancestry]
  8234 | D:10     | Reached XP level 11. HP: 89/89 MP: 11/11
  8345 | D:10     | Reached skill level 10 in Polearms
  8939 | D:11     | Reached *** piety under Okawaru
  8943 | D:11     | Found a staircase to the Lair.
  8983 | D:11     | Noticed a seven-headed hydra
  8997 | D:11     | Killed a seven-headed hydra
  9092 | D:11     | Found Cacil's Armour Emporium.
  9281 | D:11     | Noticed a red ugly thing
  9315 | D:11     | Noticed a skeletal warrior
  9326 | D:11     | Reached skill level 10 in Fighting
  9335 | D:11     | Killed a red ugly thing
  9363 | D:11     | Killed a skeletal warrior
  9363 | D:11     | Reached **** piety under Okawaru
  9402 | D:11     | Noticed a skeletal warrior
  9404 | D:11     | Noticed a skeletal warrior
  9455 | D:11     | Killed a skeletal warrior
  9556 | D:10     | Killed a skeletal warrior
  9786 | D:11     | Noticed a two-headed ogre
  9803 | D:11     | Killed a two-headed ogre
  9971 | D:11     | Found a staircase to the Orcish Mines.
 10050 | D:11     | Noticed a two-headed ogre
 10065 | D:11     | Killed a two-headed ogre
 10201 | D:12     | Reached XP level 12. HP: 97/99 MP: 12/12
 10223 | D:12     | Got a dazzling leather armour
 10245 | D:11     | Identified the cursed +1 leather armour "Aneral" {rN++
                  | rCorr Str-3 Int+3} (You found it on level 12 of the
                  | Dungeon)
 10306 | Orc:1    | Entered Level 1 of the Orcish Mines
 10311 | Orc:1    | Found a roughly hewn altar of Beogh.
 10356 | Orc:1    | Reached ***** piety under Okawaru
 10434 | Lair:1   | Entered Level 1 of the Lair of Beasts
 10501 | Lair:1   | Noticed a six-headed hydra
 10513 | Lair:1   | Killed a six-headed hydra
 10513 | Lair:1   | Reached skill level 1 in Shields
 10596 | Lair:1   | Received a gift from Okawaru
 10612 | Lair:1   | Reached skill level 2 in Shields
 10765 | Lair:1   | Found a runed translucent gate.
 10765 | Lair:1   | Found a runed translucent gate.
 10766 | Lair:1   | Found a runed translucent gate.
 10807 | Lair:1   | Noticed Noduidd's ghost (novice MiMo)
 10807 | Lair:1   | Noticed Asedux's ghost (journeyman DrCj)
 10820 | Lair:1   | Noticed a four-headed hydra
 10831 | Lair:1   | Killed a four-headed hydra
 10840 | Lair:1   | Reached skill level 3 in Shields
 11384 | Lair:2   | Noticed Prince Ribbit
 11394 | Lair:2   | Reached skill level 4 in Shields
 11405 | Lair:2   | Killed Prince Ribbit
 11412 | Lair:2   | Reached skill level 10 in Armour
 11421 | Lair:2   | Noticed an eight-headed hydra
 11439 | Lair:2   | Killed an eight-headed hydra
 11581 | Lair:2   | Reached skill level 5 in Shields
 12229 | Lair:3   | Identified a scroll of acquirement
 12253 | Lair:3   | Noticed a six-headed hydra
 12268 | Lair:3   | Killed a six-headed hydra
 12268 | Lair:3   | Received a gift from Okawaru
 12268 | Lair:3   | Reached skill level 6 in Shields
 12269 | Lair:3   | Got a faintly humming shield {god gift}
 12316 | Lair:3   | Reached ****** piety under Okawaru
 13034 | Lair:4   | Noticed Kirke
 13035 | Lair:4   | Reached skill level 7 in Shields
 13088 | Lair:3   | Reached XP level 13. HP: 36/106 MP: 13/13
 13485 | Lair:4   | Found a staircase to the Shoals.
 13528 | Lair:3   | Killed Kirke
 13662 | Lair:4   | Reached skill level 8 in Shields
 13930 | Lair:4   | Found a hole to the Spider Nest.
 14232 | Lair:5   | Reached skill level 1 in Invocations
 14266 | Lair:5   | Found a staircase to the Slime Pits.
 14267 | Lair:5   | Found a viscous altar of Jiyva.
 14579 | Lair:5   | Reached skill level 9 in Shields
 14597 | Lair:5   | Received a gift from Okawaru
 14723 | Lair:5   | Noticed Snorg
 14731 | Lair:6   | Entered Level 6 of the Lair of Beasts
 14795 | Lair:5   | Killed Snorg
 14869 | Lair:5   | Noticed Urug
 14893 | Lair:5   | Killed Urug
 15216 | Lair:6   | Received a gift from Okawaru
 15216 | Lair:6   | Reached skill level 10 in Shields
 15216 | Lair:6   | Reached skill level 5 in Invocations
 15532 | Lair:6   | Received a gift from Okawaru
 15539 | Lair:6   | Got a polished demon trident {god gift}
 15539 | Lair:6   | Identified the +8 demon trident "Mubluna" {freeze, rF+}
                  | (Okawaru gifted it to you on level 6 of the Lair of Beasts)
 15757 | Lair:6   | Identified the +0 shield of Okawaru's Hatred {Str+4}
                  | (Okawaru gifted it to you on level 3 of the Lair of Beasts)
 15806 | Lair:6   | Gained mutation: Your flesh is heat resistant. (rF+)
                  | [demonic ancestry]
 15806 | Lair:6   | Reached XP level 14. HP: 96/113 MP: 19/19
 15885 | Lair:6   | Reached skill level 11 in Shields
 15918 | Lair:6   | Received a gift from Okawaru
 16065 | Lair:6   | Found a burning altar of Makhleb.
 16156 | Lair:6   | Found a gateway to Hell.
 17274 | Orc:2    | Entered Level 2 of the Orcish Mines
 17349 | Orc:2    | Found a radiant altar of Vehumet.
 17351 | Orc:2    | Noticed Jorgrun
 17399 | Orc:2    | Killed Jorgrun
 17551 | Orc:2    | Found a staircase to the Elven Halls.
 17627 | Orc:2    | Found a runed translucent door.
 17820 | Orc:2    | Received a gift from Okawaru
 17820 | Orc:2    | Reached skill level 12 in Shields
 18002 | Orc:2    | Received a gift from Okawaru
 18110 | Orc:2    | Found Hinlamp's Antique Armour Emporium.
 18113 | Orc:2    | Found Afrent's Weapon Shoppe.
 18114 | Orc:2    | Found Ziyzos's Food Emporium.
 18115 | Orc:2    | Found Rubisen's General Store.
 18122 | Orc:2    | Bought a slimy scale mail for 216 gold pieces
 18122 | Orc:2    | Bought an ancient plate armour for 672 gold pieces
 18132 | Orc:2    | Identified the cursed +1 scale mail "Dihiudwi" {+Blink +Fly
                  | Dex-4} (You bought it in a shop on level 2 of the Orcish
                  | Mines)
 18146 | Orc:2    | Identified the +2 plate armour of the Serpent {MP+9} (You
                  | bought it in a shop on level 2 of the Orcish Mines)
 18319 | Orc:2    | Bought a glowing plate armour for 624 gold pieces
 18320 | Orc:2    | Bought a scroll of enchant weapon for 105 gold pieces
 18424 | Orc:2    | Identified the +4 quarterstaff of Zugo {venom, rPois}
 18471 | Orc:2    | Found a roughly hewn altar of Beogh.
 18705 | D:12     | Reached XP level 15. HP: 120/120 MP: 21/21
 18782 | D:12     | Noticed Jonkynuc's ghost (journeyman MiFi)
 18784 | D:12     | Found a runed translucent door.
 18817 | D:12     | Killed Jonkynuc's ghost
 19511 | D:13     | Noticed Rupert
 19528 | D:13     | Paralysed by Rupert for 7 turns
 19556 | D:13     | Killed Rupert
 19711 | D:13     | Reached skill level 13 in Shields
 19770 | D:13     | Found a glowing golden altar of the Shining One.
 19855 | D:13     | Found a runed translucent gate.
 19855 | D:13     | Found an opulent altar of Gozag.
 19855 | D:13     | Found a runed translucent gate.
 19856 | D:13     | Found a runed translucent gate.
 19857 | D:13     | Noticed Fucymiv's ghost (journeyman MfBe)
 20131 | D:13     | Received a gift from Okawaru
 20140 | D:13     | Cast into level 2 of the Abyss (a wizard)
 20140 | Abyss:2  | Found a corrupted altar of Lugonu.
 20191 | Abyss:2  | Found a corrupted altar of Lugonu.
 20333 | D:13     | Escaped the Abyss
 20392 | D:13     | Found a gate to the Vaults.
 21145 | D:14     | Paralysed by a wizard for 7 turns
 21355 | D:14     | Noticed Agnes
 21379 | D:14     | Killed Agnes
 21422 | D:14     | Received a gift from Okawaru
 21828 | D:15     | Entered Level 15 of the Dungeon
 22059 | D:15     | Noticed Nessos
 22067 | D:15     | Killed Nessos
 22104 | D:15     | Noticed Azrael
 22134 | D:15     | Killed Azrael
 22292 | D:15     | Reached skill level 14 in Shields
 22495 | D:15     | Gained mutation: You are immune to clouds of flame.
                  | [demonic ancestry]
 22495 | D:15     | Reached XP level 16. HP: 130/130 MP: 22/22
 22602 | D:15     | Found a staircase to the Depths.
 22971 | Depths:1 | Entered Level 1 of the Depths
 23374 | Spider:1 | Entered Level 1 of the Spider Nest
 23429 | Spider:1 | Received a gift from Okawaru
 23446 | Spider:1 | Noticed Josephine
 23497 | Spider:1 | Killed Josephine
 24024 | Spider:1 | Received a gift from Okawaru
 24445 | Spider:1 | Reached skill level 15 in Shields
 24473 | Spider:1 | Received a gift from Okawaru
 24640 | Spider:2 | Noticed Arachne
 24668 | Spider:2 | Killed Arachne
 24784 | Spider:2 | Received a gift from Okawaru
 25109 | Spider:2 | You fall into a shaft and drop 1 floor!
 25116 | Spider:3 | Gained mutation: You sometimes gain power by taking damage.
                  | [demonic ancestry]
 25116 | Spider:3 | Reached XP level 17. HP: 139/139 MP: 23/23
 26103 | Spider:4 | Entered Level 4 of the Spider Nest
 26488 | Spider:4 | Noticed Donald
 26522 | Spider:4 | Killed Donald
 26581 | Spider:4 | Received a gift from Okawaru
 27106 | Spider:4 | Got a gossamer rune of Zot
 27403 | Shoals:1 | Entered Level 1 of the Shoals
 27755 | Shoals:1 | Reached skill level 15 in Polearms
 28302 | Shoals:2 | Noticed a kraken
 28395 | Shoals:2 | Killed a kraken
 28395 | Shoals:2 | Reached skill level 15 in Fighting
 28497 | Shoals:2 | Gained mutation: You have claws for hands. [demonic
                  | ancestry]
 28497 | Shoals:2 | Reached XP level 18. HP: 62/149 MP: 22/24
 28551 | Shoals:2 | Received a gift from Okawaru
 29398 | Shoals:3 | Found Wabrie's Book Emporium.
 29732 | Shoals:3 | Reached skill level 16 in Shields
 30122 | Shoals:3 | Got a bronze animal skin
 30135 | Shoals:3 | Identified the cursed +0 animal skin "Put-Me-On" {rPois
                  | Int-5 Dex+4} (You found it on level 3 of the Shoals)
 30177 | Shoals:4 | Entered Level 4 of the Shoals
 30276 | Shoals:4 | Identified the Handbook of Unholy Arts and Curses
 30337 | Shoals:4 | Noticed Ilsuiw
 30367 | Shoals:4 | Gained mutation: You have supernaturally acute eyesight.
                  | (SInv) [potion of mutation]
 30367 | Shoals:4 | Lost mutation: You have supernaturally acute eyesight.
                  | (SInv) [potion of mutation]
 30367 | Shoals:4 | Gained mutation: You have sharp toenails. [potion of
                  | mutation]
 30380 | Shoals:4 | Hit by a silver javelin thrown by a merfolk javelineer

Levels and vault maps discovered:
D:1:      dpeg_arrival_arbitrary_c, layout_rooms
D:2:      layout_basic, chequers_arboretum
D:3:      layout_basic
D:4:      layout_rooms, serial_shops, shop
D:5:      layout_basic, first_ration, serial_shops, shop
D:6:      layout_loops_ring, serial_shops, nicolae_shop_waterfront, st_stairs_4
D:7:      kennysheep_seaside_town, layout_basic,
          gammafunk_temple_overflow_pools, minmay_temple_entry_junction,
          uniq_joseph
D:8:      statuecave_lemuel, layout_layer_cave
D:9:      layout_small_grid, gammafunk_temple_overflow_statue, serial_shops,
          shop
D:10:     minmay_thinvault, layout_gridville, serial_shops, shop, david_nohive_1
D:11:     layout_rooms, erik_lair_island, hiddenorc1_lemuel, serial_shops, shop,
          hangedman_corner_corridor
D:12:     layout_small_grid, hellmonk_ghost_happy_afterlife
D:13:     erik_rubicon_b, layout_loops_cross, grunt_vaults_entry_tiered,
          ebering_ghost_gozag, tso_metal_star, uniq_rupert
D:14:     layout_roguey, minmay_misc_feat_tower, uniq_agnes
D:15:     grunt_enter_depths_snipers, layout_small_grid,
          chequers_serial_rivers_room_a, chequers_big_river,
          corexii_checkpoint_b, minmay_misc_feat_rugged, roderic_lattice_a,
          minivault_26, uniq_azrael, uniq_nessos
Temple:   compressed_dpeg_circular_temple
Lair:1:   layout_roguey, gammafunk_ghost_cemetery, beast_lair_carwin_4
Lair:2:   layout_small_grid, uniq_prince_ribbit2
Lair:3:   layout_regular_city, kennysheep_rathole
Lair:4:   layout_small_grid, minmay_shoals_entry_centaurs,
          spider_nest_entry_web_field, nicolae_lair_grove_arrangements,
          minivault_24, beast_lair_carwin_6, uniq_kirke
Lair:5:   layout_big_grid, slime_altar_1, st_stairs_10, uniq_snorg, uniq_urug
Lair:6:   evil_forest, layout_cave_pods, lemuel_old_faithful
Shoals:1: layout_shoals, nicolae_shoals_seven_spires, ldierk_geyser
Shoals:2: layout_shoals, nicolae_shoals_kraken_intersection
Shoals:3: argonaut_golden_fleece, layout_shoals, serial_shops, shop
Shoals:4: shoals_end_simple, layout_shoals, shoals_ilsuiw_alternative,
          serial_shops, shop
Spider:1: layout_spider_delve, uniq_josephine
Spider:2: layout_spider_delve, nicolae_arachne_temple
Spider:3: layout_spider_delve
Spider:4: guppyfry_spider_rune, uniq_donald
Orc:1:    layout_caves, basic_altar, nicolae_orc_rockfall, rock_pile
Orc:2:    st_orc_pillars, layout_diamond_mine, basic_altar,
          lightli_church_of_beogh, uniq_jorgrun
Depths:1: minmay_the_grid_square_5x5_5x5_mashed
          [minmay_the_grid_square_5x5_checkered_sparse,
          minmay_the_grid_square_5x5_minimal,
          minmay_the_grid_square_5x5_dogpile,
          minmay_the_grid_square_5x5_gyroscope, minmay_the_grid_square_5x5_c,
          minmay_the_grid_square_5x5_moneybag,
          minmay_the_grid_square_5x5_prize_snowflake,
          minmay_the_grid_square_5x5_misaligned,
          minmay_the_grid_square_5x5_prize_waves,
          minmay_the_grid_square_5x5_three_walls,
          minmay_the_grid_square_5x5_lines,
          minmay_the_grid_square_5x5_spiral_small,
          minmay_the_grid_square_5x5_prize_open,
          minmay_the_grid_square_5x5_half_checkered,
          minmay_the_grid_square_5x5_intrusive_squares,
          minmay_the_grid_square_5x5_one_wall,
          minmay_the_grid_square_5x5_prize_open,
          minmay_the_grid_square_5x5_three_small,
          minmay_the_grid_square_5x5_prize_gold,
          minmay_the_grid_square_5x5_two_walls_a,
          minmay_the_grid_square_5x5_shrine2, minmay_the_grid_square_5x5_slash,
          minmay_the_grid_square_5x5_broken_cross,
          minmay_the_grid_square_5x5_eight, minmay_the_grid_square_5x5_six],
          layout_long_grid, serial_bayou_shore_b, hell_entry,
          serial_co_window_serial, co_window_corner_a, co_window_paths_b,
          co_window_paths_a, co_window_corner_a, co_window_paths_a,
          co_window_unsneaky_path_d, co_window_broadway_b, co_window_2corner,
          glass_columns_a, glass_columns_b, glass_columns_b, glass_columns_a,
          corexii_leaking_fountain, minmay_misc_feat_roman,
          eino_small_chamber_without_monster, dpeg_stationary_puzzle

Skill      XL: |  1  2  3  4  5  6  7  8  9 10 11 12 13 14 15 16 17 18 |
---------------+-------------------------------------------------------+-----
Short Blades   | 3 |  3.3
Dodging        | 3 |  3.0
Throwing       | 2 |  2.0
Fighting       | 3 4 5 7 8 9 10 11 12 13 14 15 | 15.4
Armour         | 1 2 3 4 5 7 8 9 10 11 12 13 14 | 14.1
Polearms       | 1 2 4 5 8 9 11 12 13 14 15 | 15.4
Shields        | 7 10 12 14 15 16 | 16.1
Invocations    | 6 9 |  9.0

Action                   |  1- 3 |  4- 6 |  7- 9 | 10-12 | 13-15 | 16-18 || total
-------------------------+-------+-------+-------+-------+-------+-------++-------
Melee: Rapier            |    51 |     5 |       |       |       |       ||    56
       Spear             |       |   211 |   377 |  1069 |   731 |   890 ||  3278
       Unarmed           |       |       |       |    44 |    27 |       ||    71
       Demon trident     |       |       |       |       |  1142 |  1206 ||  2348
Throw: Dart              |       |     1 |     5 |    35 |    26 |    16 ||    83
       Stone             |       |       |       |     2 |       |       ||     2
       Boomerang         |       |       |       |    12 |    10 |     9 ||    31
       Javelin           |       |       |       |       |     4 |       ||     4
Invok: Heroism           |       |       |       |     3 |     3 |     3 ||     9
       Finesse           |       |       |       |       |     4 |     3 ||     7
 Abil: Evoke Flight      |       |       |       |     1 |     2 |    22 ||    25
  Use: Potion            |     2 |       |       |     2 |     2 |    16 ||    22
       Scroll            |       |       |     8 |     9 |    21 |     8 ||    46
 Stab: Sleeping          |       |     2 |     1 |     1 |       |       ||     4
       Distracted        |       |       |     2 |       |     1 |     1 ||     4
       Invisible         |       |       |       |       |       |     1 ||     1
  Eat: Chunk             |       |     7 |    13 |    23 |    30 |    30 ||   103
Armor: Leather armour    |    16 |    62 |     6 |     5 |       |       ||    89
       Ring mail         |       |       |    85 |   155 |       |       ||   240
       Chain mail        |       |       |       |   152 |   210 |       ||   362
       Skin              |       |       |       |    18 |       |       ||    18
       Plate armour      |       |       |       |       |   182 |   844 ||  1026
Dodge: Dodged            |    25 |   134 |   136 |   335 |   452 |   839 ||  1921
Block: Other             |       |     7 |    14 |     7 |       |       ||    28
       Reflection        |       |       |     1 |     3 |    31 |   111 ||   146
       Buckler           |       |       |       |    56 |   176 |       ||   232
       Shield            |       |       |       |       |   722 |  1927 ||  2649
